 Dungeon Crawl Stone Soup version 0.16.1-11-g651b585 (webtiles) character file.

597727 jacksonaction the Hoplite (level 27, -10/291 (292) HPs)
             Began as an Octopode Gladiator on Apr 3, 2015.
             Was the Champion of Okawaru.
             Splashed by an acid blob's acid (15 damage)
             ... created by the royal jelly
             ... on level 6 of the Pits of Slime on Apr 4, 2015.
             The game lasted 12:34:36 (81828 turns).

jacksonaction the Hoplite (Octopode Gladiator)     Turns: 81828, Time: 12:34:36

HP:   -10/291 (292) AC:  3    Str: 22    XL:     27
MP:   47/52         EV:  2    Int: 14    God:    Okawaru [******]
Gold: 2699          SH: 29    Dex: 30    Spells: 3 memorised, 29 levels left

rFire  + + .     SeeInvis +     e - +18 lance "Wyrmbane" {slay drac, +Rage rPois rF+ AC+5}
rCold  + + .     Clarity  +     F - +1 large shield {reflect}
rNeg   + + +     SustAb   .     a - melded +2 hat of Mezcal {rElec rPois rF- Int+4}
rPois  +         Gourm    .     j - amulet "Duwow" {Clar +Blink rC+ MR- MP+9 Slay+5}
rElec  +         Spirit   .     T - +5 ring of dexterity
rCorr  .         Warding  .     o - ring of protection from magic
rMut   .         NoTele   +     Y - +3 ring of evasion
MR     ++...                    R - +4 ring of dexterity
Stlth  ++++++++..               L - ring "Crewere" {Contam rF+ rC+ Int+3 Dex+4}
                                d - ring "Clixeg" {rElec MP+9 Stlth+}
                                P - ring of see invisible
                                p - ring of Shaolin {EV+8}

@: tree-form, heroism, corroded equipment, very slightly contaminated,
regenerating, hasted, very quick, very resistant to hostile enchantments,
extraordinarily stealthy
A: almost no armour, amphibious, 8 rings, (constrict 8), (camouflage 0), (cold
resistance 0), (gelatinous body 0), MP-powered wands 1
a: Heroism, Finesse, Renounce Religion, Evoke Blink, Evoke Berserk Rage
}: 3/15 runes: decaying, silver, gossamer


You were on level 6 of the Pits of Slime.
You worshipped Okawaru.
Okawaru was exalted by your worship.
You were not hungry.
You were a tree.
You visited 10 branches of the dungeon, and saw 57 of its levels.

You collected 7539 gold pieces.
You spent 4840 gold pieces at shops.

Inventory:

Hand weapons
 e - the +18 lance "Wyrmbane" (weapon) {slay drac, +Rage rPois rF+ AC+5}
   (Okawaru gifted it to you on level 2 of the Spider Nest)

   It affects your AC (+5).
   It protects you from fire.
   It protects you from poison.
   It lets you go berserk.
Missiles
 b - 12 silver javelins (quivered)
Armour
 a - the +2 hat of Mezcal (melded) {rElec rPois rF- Int+4}
   (Okawaru gifted it to you on level 2 of the Vaults)

   It affects your intelligence (+4).
   It makes you vulnerable to fire.
   It insulates you from electricity.
   It protects you from poison.
 F - a +1 large shield of reflection (worn)
Jewellery
 d - the ring "Clixeg" (on tentacle) {rElec MP+9 Stlth+}
   (You took it off a vault guard on level 5 of the Vaults)

   [ring of magical power]

   It insulates you from electricity.
   It affects your magic capacity (+9).
   It makes you more stealthy.
 j - the amulet "Duwow" (around neck) {Clar +Blink rC+ MR- MP+9 Slay+5}
   (You found it on level 3 of the Crypt)

   [amulet of clarity]

   It provides mental clarity.
   It affects your accuracy and damage with ranged weapons and melee attacks
   (+5).
   It protects you from cold.
   It affects your resistance to hostile enchantments.
   It affects your magic capacity (+9).
   It lets you blink.
 o - a ring of protection from magic (right branch)
 p - the ring of Shaolin (on tentacle) {EV+8}
   (You acquired it on level 14 of the Dungeon)

   [ring of evasion]

   It affects your evasion (+8).
 G - an uncursed ring of teleportation
 K - an uncursed ring of sustain abilities
 L - the ring "Crewere" (on tentacle) {Contam rF+ rC+ Int+3 Dex+4}
   (You took it off a deep elf annihilator on level 3 of the Elven Halls)

   [ring of protection from fire]

   It affects your intelligence (+3).
   It affects your dexterity (+4).
   It protects you from fire.
   It protects you from cold.
   It causes magical contamination when unequipped.
 P - a ring of see invisible (on tentacle)
 Q - an uncursed amulet of resist corrosion
 R - a +4 ring of dexterity (on tentacle)
 T - a +5 ring of dexterity (left branch)
 Y - a +3 ring of evasion (on tentacle)
Magical devices
 E - a wand of disintegration (14)
 J - a wand of digging (15)
Scrolls
 k - 7 scrolls of teleportation
 t - 11 scrolls of blinking
 y - 6 scrolls of fear
 B - 5 scrolls of fog
 C - a scroll of recharging
 D - 2 scrolls of holy word
 I - 22 scrolls of identify
 N - 21 scrolls of remove curse
 W - 2 scrolls of summoning
Potions
 g - 7 potions of restore abilities
 i - 2 potions of cancellation
 l - 3 potions of invisibility
 n - a potion of magic
 q - 4 potions of haste
 r - 2 potions of brilliance
 s - 5 potions of resistance
 u - a potion of beneficial mutation
 v - 14 potions of curing
 w - a potion of flight
 x - 2 potions of lignification
 z - 3 potions of might
 A - 2 potions of cure mutation
 O - 5 potions of berserk rage
 U - 9 potions of agility
Comestibles
 f - 25 bread rations
 h - 44 meat rations
 M - 49 fruits


   Skills:
 - Level 18.0(23.0) Fighting
 - Level 21.0(26.0) Polearms
 - Level 2.0(7.0) Throwing
 - Level 22.0(27) Dodging
 - Level 3.7(8.7) Stealth
 - Level 22.0(27) Shields
 + Level 7.5 Spellcasting
 - Level 16.1 Charms
 - Level 6.3 Necromancy
 - Level 3.0 Ice Magic
 - Level 10.0 Invocations
 - Level 10.6 Evocations


You had 29 spell levels left.
You knew the following spells:

 Your Spells              Type           Power        Failure   Level  Hunger
a - Haste                 Chrm           ######..     2%          6    #######
b - Ozocubu's Armour      Chrm/Ice       ####....     1%          3    ##.....
c - Regeneration          Chrm/Necr      #####.....   1%          3    ##.....


Dungeon Overview and Level Annotations

Branches:
Dungeon (15/15)            Temple (0/1) D:7            Lair (6/8) D:9
  Swamp (5/5) Lair:5       Spider (5/5) Lair:3        Slime (6/6) Lair:6
    Orc (4/4) D:9             Elf (3/3) Orc:3        Vaults (5/5) D:14
  Crypt (3/3) Vaults:3       Tomb (0/3) Crypt:3      Depths (5/5) D:15
    Zot (0/5) Depths:5

Altars:
Ashenzari
Elyvilon
Fedhas
Gozag
Kikubaaqudgha
Nemelex Xobeh
Okawaru
Sif Muna
Vehumet
Zin
The Shining One
Beogh
Jiyva
Lugonu

Shops:
D:5 }(   D:12 %   Orc:4 }?(?   Elf:3 *   Vaults:2 *   Vaults:3 !   Vaults:4 %

Portals:
Hell: Depths:1 Depths:2 Depths:3 Depths:4 Depths:5
Abyss: Depths:1 Depths:2 Depths:4
Pandemonium: Orc:4 Depths:3
Ziggurat: Depths:1
Trove: Elf:1 (give 6 potions of haste)


Innate Abilities, Weirdness & Mutations

You cannot wear most types of armour.
You are amphibious.
You can wear up to eight rings at the same time.
((You can use your tentacles to constrict many enemies at once.))
((Your skin changes colour to match your surroundings (Stealth).))
((Your rubbery body absorbs attacks (AC +1).))
((Your flesh is cold resistant.))
You expend magic power (3 MP) to slightly strengthen your wands.


Message History

Aim: an acid blob You reach to attack!
You puncture the acid blob! The acid corrodes your equipment!
The acid blob is lightly wounded.
You hit the acid blob. The acid corrodes your equipment!
The acid blob is lightly wounded.
You puncture the acid blob! The acid corrodes your equipment!
The acid blob is lightly wounded.
You impale the acid blob!! You punch the acid blob!
The acid blob is heavily wounded.
The acid blob spits acid at you. The splash of acid hits you!
* * * LOW HITPOINT WARNING * * *
The acid burns!
* * * LOW HITPOINT WARNING * * *
Drink which item? (? for menu, Esc to quit)
You feel better. The acid blob hits you!
* * * LOW HITPOINT WARNING * * *
You are splashed with acid!
The acid burns!
You die...

..........########..####### .....
.J........###(?#:#J##}#$$###.....
.........##$([(##J.##$::(##.....
.........##)[φ))##.#%}=:?##.....
..........##[}?##JJ##)=?##......
............##)|$#J##$!)##.......
.............##!##J.##[##........
..............#####J####.........
................♣J...............
<................................
.................................
.................................
#................................
###..............................
##..............................
#...............................
##...............................


You could see 4 acid blobs, 2 azure jellies and 2 death oozes.

Vanquished Creatures
  the royal jelly (Slime:6)
  Khufu (Crypt:3)
  3 ancient liches
  A greater mummy (Crypt:3)
  Sojobo (Depths:2)
  the Lernaean hydra (Swamp:5)
  Margery (Depths:3)
  Mara (Spider:3)
  4 golden dragons
  Jory (Depths:4)
  Xtahua (Depths:3)
  4 bone dragons
  Arachne (Spider:2)
  Nikola (Depths:2)
  6 tentacled monstrosities
  A shard shrike skeleton (Crypt:2)
  4 deep elf blademasters
  Asterion (Swamp:1)
  3 quicksilver dragons
  2 deep elf master archers (Elf:3)
  3 titans
  An eldritch tentacle (Crypt:3)
  10 acid blobs
  4 sphinxes (Vaults:5)
  7 liches
  4 octopode crushers
  Rupert (Swamp:1)
  Agnes (Swamp:5)
  Kirke (Elf:3)
  4 shadow dragons
  4 ancient champions
  6 storm dragons
  Frances (Spider:2)
  9 tengu reavers
  A spectral weapon (Swamp:1)
  Roxanne (Spider:5)
  6 fire giants
  A revenant (Crypt:3)
  7 azure jellies
  A ghost moth (shapeshifter) (Depths:4)
  3 ghost moths
  7 frost giants
  15 vault wardens
  7 deep elf sorcerers
  Aizul (Swamp:4)
  An iron dragon (Vaults:5)
  Louise (Swamp:2)
  12 emperor scorpions
  A curse skull (Crypt:1)
  An orc warlord (Depths:4)
  Gastronok (D:11)
  11 very ugly things
  Jorgrun (Swamp:5)
  3 ghouls
  2 spriggan defenders (Depths:3)
  23 ironheart preservers
  22 stone giants
  A draconian caller (Depths:5)
  5 war gargoyles
  6 deep elf annihilators
  2 yellow draconians (Depths:5)
  A black draconian (Depths:5)
  7 deep elf demonologists
  A pale draconian (Depths:5)
  A mottled draconian (Depths:5)
  2 salamander firebrands (Depths:4)
  A white draconian (Depths:5)
  2 red draconians (Depths:5)
  A lorocyproca (Depths:3)
  A purple draconian (Depths:5)
  9 dire elephants
  9 vampire knights
  The ghost of Shade the Thaumaturge, a powerful DsWz of Sif Muna (D:14)
  7 eidola
  An ettin (shapeshifter) (Depths:2)
  Snorg (Lair:4)
  A merfolk javelineer (Depths:5)
  28 vault guards
  16 deep elf death magi
  3 crystal guardians (Crypt:3)
  5 deep elf high priests
  2 green deaths (Swamp:5)
  8 jiangshi
  A minotaur (Depths:4)
  11 ettins
  Josephine (Elf:1)
  9 fire dragons
  A small abomination (Vaults:4)
  A quicksilver dragon zombie (Crypt:2)
  A death ooze (Slime:6)
  5 rakshasas
  8 yaktaur captains
  Fannar (D:13)
  9 great orbs of eyes
  21 hydras
  Harold (Lair:2)
  2 spriggan air magi
  5 ice dragons
  10 deep troll earth magi
  A ghost crab (Swamp:2)
  15 ogre magi
  The ghost of jacksonaction the Nimble, a powerful OpBe of Trog (Lair:2)
  3 death knights
  3 catoblepae
  2 tengu warriors (Depths:3)
  23 dancing weapons
  11 centaur warriors
  9 alligators
  16 death yaks
  12 orc high priests
  3 vampire magi
  3 thrashing horrors (Swamp:5)
  6 deep troll shamans
  A sun demon (Depths:3)
  3 fire crabs
  4 spriggan berserkers
  37 deep elf knights
  2 soul eaters
  3 salamander mystics
  22 hell knights
  2 iron trolls
  36 skeletal warriors
  An unseen horror (shapeshifter) (Vaults:1)
  5 unseen horrors
  2 ghost moth zombies
  6 giant orange brains
  A shambling mangrove (Swamp:5)
  2 gelid demonspawn (Orc:4)
  2 putrid demonspawn
  43 deep trolls
  An infernal demonspawn (Orc:4)
  14 ironbrand convokers
  A wizard (Vaults:2)
  16 orb spiders
  13 hill giants
  14 deep elf summoners
  10 swamp dragons
  A tengu zombie (Depths:1)
  14 necromancers
  4 shadow wraiths
  An anaconda skeleton (Crypt:3)
  3 flayed ghosts
  A lindwurm (shapeshifter) (Vaults:4)
  3 harpies (Vaults:3)
  2 lindwurms (Depths:4)
  The ghost of Arctor the Thaumaturge, an experienced DEWz of Kikubaaqudgha (D:8)
  2 mana vipers (Crypt:3)
  8 griffons
  2 wolf spider zombies (D:15)
  23 deep elf conjurers
  A tengu skeleton (Vaults:5)
  12 hornets
  38 wolf spiders
  10 cyclopes
  7 orc sorcerers
  A frost giant zombie (Crypt:1)
  15 orc knights
  10 salamanders
  A draconian (shapeshifter) (D:14)
  17 elephants
  5 sixfirhies
  51 ugly things
  A moth of wrath (shapeshifter) (Vaults:5)
  An octopode (shapeshifter) (Vaults:4)
  5 shining eyes
  A cyclops (shapeshifter) (Vaults:5)
  A centaur zombie (D:12)
  4 moths of wrath
  A hornet (shapeshifter) (Depths:4)
  6 orange demons
  14 phantasmal warriors
  Joseph (Orc:3)
  A spiny frog (shapeshifter) (Depths:4)
  A stone giant skeleton (Crypt:3)
  A torpor snail (Spider:4)
  5 manticores
  4 eyes of devastation
  2 smoke demons
  A dire elephant zombie (Crypt:3)
  12 vault sentinels
  2 black mambas
  A guardian serpent (shapeshifter) (Vaults:2)
  4 rust devils
  2 gargoyles
  18 spiny frogs
  10 demonic crawlers
  An alligator snapping turtle skeleton (Crypt:2)
  A yaktaur zombie (Depths:1)
  A komodo dragon (shapeshifter) (Depths:4)
  5 kobold demonologists
  A yellow draconian zombie (Crypt:2)
  50 yaktaurs
  A yaktaur skeleton (Vaults:3)
  21 deep elf priests
  6 freezing wraiths
  A harpy zombie (Vaults:3)
  2 human skeletons
  2 hellwings
  6 komodo dragons
  2 silent spectres (Crypt:1)
  A two-headed ogre (shapeshifter) (Depths:2)
  4 blue devils
  A polar bear (shapeshifter) (Vaults:2)
  3 tengu conjurers
  A queen bee (D:13)
  An iron troll skeleton (Crypt:2)
  30 jumping spiders
  Sonja (Swamp:1)
  18 two-headed ogres
  A tengu simulacrum (Vaults:3)
  A jumping spider (shapeshifter) (Elf:2)
  12 baby alligators
  6 bog bodies
  19 ravens
  4 polar bears
  A baby alligator (shapeshifter) (Vaults:4)
  6 trolls
  A hornet zombie (Elf:3)
  11 giant leeches
  89 slime creatures
  A snapping turtle (Depths:4)
  4 basilisks
  7 boulder beetles
  24 trapdoor spiders
  2 air elementals
  39 flying skulls
  A guardian serpent skeleton (Crypt:2)
  3 basilisks (shapeshifter)
  7 shadows
  7 water elementals
  A fire dragon skeleton (Crypt:3)
  A vampire (Depths:4)
  24 tarantellas
  A centaur simulacrum (D:13)
  9 wraiths
  46 redbacks
  2 chaos spawn
  51 vampire mosquitoes
  38 deep elf magi
  29 yaks
  A hungry ghost (D:10)
  A giant leech zombie (Crypt:1)
  A hog (Elf:3)
  6 golden eyes (Slime:5)
  A human (shapeshifter) (Vaults:5)
  4 spriggans
  23 wolves
  A wind drake skeleton (Crypt:1)
  3 wyverns
  43 deep elf fighters
  A neqoxec (Depths:3)
  22 water moccasins
  16 hippogriffs
  2 hippogriffs (shapeshifter)
  An emperor scorpion simulacrum (Depths:1)
  A mottled dragon (D:15)
  3 wargs
  7 insubstantial wisps
  4 human zombies
  26 swamp worms
  A spiny frog zombie (Crypt:3)
  3 black bears
  14 porcupines
  2 black bears (shapeshifter)
  7 eyes of draining
  A hydra simulacrum (Depths:4)
  8 wasps
  6 ice beasts
  A swamp dragon zombie (Crypt:1)
  A deep troll skeleton (Vaults:5)
  41 ogres
  31 orc warriors
  8 phantoms
  2 boggarts (Depths:4)
  15 swamp drakes
  5 large abominations
  An ettin simulacrum (Vaults:3)
  6 sky beasts
  7 necrophages
  2 boring beetles
  A boggart (shapeshifter) (Depths:4)
  A snapping turtle skeleton (Crypt:3)
  A big kobold (shapeshifter) (Vaults:5)
  A boring beetle (shapeshifter) (Vaults:3)
  43 spiders
  A deep dwarf (shapeshifter) (Depths:4)
  3 elf skeletons
  21 centaurs
  5 crocodiles
  2 lost souls (Crypt:3)
  26 giant frogs
  3 big kobolds (Vaults:3)
  12 scorpions
  A water moccasin skeleton (D:9)
  35 killer bees
  2 troll zombies (D:9)
  A queen bee zombie (Crypt:1)
  A hippogriff zombie (D:14)
  7 wights
  2 goliath beetles (D:8)
  4 electric eels
  8 crimson imps
  2 giant frog zombies
  3 quasits
  A wasp zombie (D:8)
  A boring beetle zombie (Crypt:2)
  8 hounds
  24 orc priests
  26 jellies
  5 centaur skeletons
  22 orc wizards
  A giant frog skeleton (D:13)
  13 iguanas
  6 worker ants
  8 hell rats
  A porcupine skeleton (Crypt:1)
  16 sheep
  4 ogre zombies (D:9)
  A naga zombie (Crypt:1)
  A big kobold skeleton (Crypt:1)
  An ogre skeleton (Crypt:3)
  3 mummies
  3 worker ant zombies
  20 adders
  4 gnolls
  6 shadow imps
  96 river rats
  A white imp (Depths:3)
  2 giant eyeballs (Depths:4)
  4 worms
  2 ufetubi (Depths:3)
  An adder skeleton (D:9)
  An adder zombie (D:8)
  3 orc skeletons
  5 giant geckos
  8 oozes
  121 orcs
  2 bat skeletons
  A bat zombie (D:6)
  4 giant cockroaches
  26 goblins
  18 hobgoblins
  20 jackals
  16 quokkas
  11 bats
  3 giant gecko skeletons
  15 giant newts
  3 giant spores
  2 goblin skeletons
  2 hobgoblin skeletons (D:9)
  A hobgoblin zombie (D:9)
  19 kobolds
  A kobold zombie (Crypt:2)
  20 orc zombies
  A quokka skeleton (D:6)
  12 rats
  5 ballistomycetes
  6 crawling corpses
  A fungus (Lair:5)
  2 plants (Depths:5)
2847 creatures vanquished.

Vanquished Creatures (others)
  A vault warden (Vaults:5)
  A fire giant (Vaults:4)
  A stone giant (Depths:3)
  A merfolk javelineer (Depths:1)
  A deep elf high priest (Vaults:5)
  2 centaur warriors
  An alligator (Swamp:2)
  A cyclops (Depths:4)
  A spiny frog (Swamp:2)
  12 yaktaurs
  A baby alligator (Swamp:2)
  A two-headed ogre (Depths:2)
  A tarantella (Spider:5)
  A vampire (Depths:4)
  A human (Elf:3)
  A crocodile (Swamp:2)
  14 lost souls
  An orc (Vaults:3)
  A crawling corpse (Elf:3)
  2 fungi
  6 plants
52 creatures vanquished.

Grand Total: 2899 creatures vanquished

Notes
Turn   | Place    | Note
--------------------------------------------------------------
     0 | D:1      | jacksonaction, the Octopode Gladiator, began the quest for the Orb.
     0 | D:1      | Reached XP level 1. HP: 14/14 MP: 1/1
   446 | D:1      | Reached XP level 2. HP: 17/19 MP: 2/2
   714 | D:1      | Reached skill level 4 in Polearms
   849 | D:1      | Reached XP level 3. HP: 24/24 MP: 3/3
  1254 | D:2      | Found a radiant altar of Vehumet.
  1441 | D:2      | Found a sparkling altar of Nemelex Xobeh.
  1744 | D:2      | Reached XP level 4. HP: 21/29 MP: 4/4
  2148 | D:2      | Reached skill level 5 in Polearms
  2542 | D:3      | Reached XP level 5. HP: 32/34 MP: 5/5
  3215 | D:4      | Reached skill level 6 in Polearms
  3418 | D:4      | Noticed an orc warrior
  3449 | D:4      | Found a glowing golden altar of the Shining One.
  3475 | D:4      | Killed an orc warrior
  3475 | D:4      | Reached XP level 6. HP: 24/39 MP: 6/6
  4062 | D:4      | Reached skill level 7 in Polearms
  4795 | D:5      | Entered Level 5 of the Dungeon
  4826 | D:5      | Reached XP level 7. HP: 35/45 MP: 7/7
  5118 | D:5      | Found Shriel's Distillery.
  5126 | D:5      | Bought a potion of might for 56 gold pieces
  5126 | D:5      | Bought a potion of invisibility for 112 gold pieces
  5147 | D:5      | Reached skill level 8 in Polearms
  5482 | D:5      | Found an iron altar of Okawaru.
  5519 | D:5      | Became a worshipper of Warmaster Okawaru
  5618 | D:5      | Bought a potion of restore abilities for 70 gold pieces
  5653 | D:5      | Found Pieveoj's Gadget Shop.
  5748 | D:5      | Reached skill level 9 in Polearms
  5770 | D:5      | Reached XP level 8. HP: 38/50 MP: 8/8
  5978 | D:5      | Found Twuotti's Weapon Shop.
  6307 | D:6      | Got a transparent graven amulet
  6312 | D:6      | Identified the amulet of the Countless Spirits {Spirit rC+ Str+4} (You found it on level 6 of the Dungeon)
  6427 | D:6      | Acquired Okawaru's first power
  6427 | D:6      | Reached skill level 10 in Polearms
  6615 | D:6      | Found an ancient bone altar of Kikubaaqudgha.
  7745 | D:5      | Bought a potion of curing for 42 gold pieces
  7829 | D:7      | Found a staircase to the Ecumenical Temple.
  7956 | D:7      | Found a white marble altar of Elyvilon.
  8045 | D:7      | Reached skill level 11 in Polearms
  8370 | D:7      | Reached XP level 9. HP: 45/54 MP: 7/9
  8837 | D:7      | Reached skill level 12 in Polearms
  8994 | D:7      | Found a deep blue altar of Sif Muna.
  9372 | D:8      | Noticed Arctor's ghost (experienced DEWz)
  9553 | D:8      | Reached skill level 1 in Invocations
  9989 | D:8      | Killed Arctor's ghost
  9989 | D:8      | Reached skill level 13 in Polearms
 10296 | D:8      | Reached XP level 10. HP: 53/60 MP: 12/12
 10400 | D:8      | Reached skill level 5 in Dodging
 10658 | D:8      | Found a shattered altar of Ashenzari.
 10937 | D:8      | Reached skill level 1 in Shields
 11103 | D:9      | Found a staircase to the Lair.
 11141 | D:9      | Found a blossoming altar of Fedhas.
 12255 | D:9      | Found a staircase to the Orcish Mines.
 12544 | D:5      | Bought a potion of magic for 112 gold pieces
 12544 | D:5      | Bought a potion of haste for 140 gold pieces
 12615 | Lair:1   | Entered Level 1 of the Lair of Beasts
 13159 | Lair:1   | Received a gift from Okawaru
 13304 | D:9      | Reached XP level 11. HP: 41/64 MP: 11/13
 13567 | Lair:1   | Reached skill level 5 in Shields
 13751 | Lair:1   | Acquired Okawaru's second power
 14474 | Orc:1    | Entered Level 1 of the Orcish Mines
 15079 | D:5      | Bought a disc of storms for 280 gold pieces
 15832 | Orc:3    | Received a gift from Okawaru
 15914 | Orc:3    | Found a staircase to the Elven Halls.
 15950 | Orc:3    | Noticed Joseph
 15966 | Orc:3    | Killed Joseph
 16310 | Orc:3    | Found a deep blue altar of Sif Muna.
 16331 | Orc:3    | Identified Sif Muna's Disquisition on Confrontation
 16461 | Orc:4    | Entered Level 4 of the Orcish Mines
 17094 | Orc:4    | Noticed an orc knight
 17134 | Orc:4    | Killed an orc knight
 17310 | Orc:4    | Found Ofeaz's Magic Scroll Boutique.
 17316 | Orc:4    | Found Besidoef's Magic Scroll Shop.
 17545 | Orc:4    | Reached skill level 5 in Invocations
 17738 | Orc:4    | Found a roughly hewn altar of Beogh.
 17810 | Orc:4    | Bought a scroll of holy word for 97 gold pieces
 17810 | Orc:4    | Bought a scroll of torment for 97 gold pieces
 17810 | Orc:4    | Bought a scroll of teleportation for 39 gold pieces
 17810 | Orc:4    | Bought a scroll of remove curse for 39 gold pieces
 17810 | Orc:4    | Bought a scroll of amnesia for 45 gold pieces
 17810 | Orc:4    | Bought a scroll of identify for 26 gold pieces
 17810 | Orc:4    | Bought a scroll of identify for 26 gold pieces
 18059 | Orc:4    | Reached XP level 12. HP: 57/70 MP: 17/21
 18063 | Orc:4    | Noticed an orc high priest
 18087 | Orc:4    | Killed an orc high priest
 18087 | Orc:4    | Received a gift from Okawaru
 18103 | Orc:4    | Noticed an orc knight
 18125 | Orc:4    | Killed an orc knight
 18297 | Orc:4    | Noticed an orc knight
 18303 | Orc:4    | Noticed an orc high priest
 18314 | Orc:4    | Killed an orc high priest
 18330 | Orc:4    | Noticed an orc knight
 18331 | Orc:4    | Noticed an orc high priest
 18331 | Orc:4    | Noticed an orc high priest
 18345 | Orc:4    | Killed an orc knight
 18349 | Orc:4    | Reached skill level 10 in Shields
 18355 | Orc:4    | Killed an orc high priest
 18374 | Orc:4    | Killed an orc knight
 18539 | Orc:4    | Noticed an orc high priest
 18552 | Orc:4    | Killed an orc high priest
 18552 | Orc:4    | Reached skill level 10 in Dodging
 18554 | Orc:4    | Noticed an orc high priest
 18562 | Orc:4    | Killed an orc high priest
 18571 | Orc:4    | Killed an orc high priest
 18572 | Orc:4    | Noticed an infernal demonspawn
 18572 | Orc:4    | Found Struroudgh's Gadget Emporium.
 18572 | Orc:4    | Found Straisam's Antique Weapon Shoppe.
 18572 | Orc:4    | Found a one-way gate leading to the halls of Pandemonium.
 18572 | Orc:4    | Noticed a gelid demonspawn
 18572 | Orc:4    | Noticed an orc high priest
 18572 | Orc:4    | Noticed a gelid demonspawn
 18573 | Orc:4    | Noticed a putrid demonspawn
 18573 | Orc:4    | Noticed an orc high priest
 18722 | Orc:4    | Killed an infernal demonspawn
 18732 | Orc:4    | Killed a gelid demonspawn
 18769 | Orc:4    | Killed an orc high priest
 18965 | Orc:4    | Killed a gelid demonspawn
 18965 | Orc:4    | Reached XP level 13. HP: 50/74 MP: 11/23
 18979 | Orc:4    | Killed a putrid demonspawn
 19025 | Orc:4    | Killed an orc high priest
 19970 | Lair:2   | Noticed Harold
 20005 | Lair:2   | Killed Harold
 20296 | Lair:2   | Noticed jacksonaction's ghost (powerful OpBe)
 20310 | Lair:2   | Killed jacksonaction's ghost
 20487 | Lair:2   | Received a gift from Okawaru
 20496 | Lair:2   | Got a bloodstained greatsling {god gift}
 20497 | Lair:2   | Identified the -1 greatsling of Throat {flame, rElec Str+2 Stlth-} (Okawaru gifted it to you on level 2 of the Lair of Beasts)
 20808 | Lair:2   | Reached skill level 14 in Polearms
 21138 | Lair:3   | Found a hole to the Spider Nest.
 21578 | Lair:3   | Reached skill level 5 in Fighting
 23517 | Lair:4   | Noticed Snorg
 23535 | Lair:4   | Killed Snorg
 24038 | Lair:5   | Reached skill level 15 in Polearms
 24095 | Lair:5   | Reached XP level 14. HP: 80/90 MP: 20/24
 24641 | Lair:5   | Found a staircase to the Swamp.
 24945 | Lair:5   | Received a gift from Okawaru
 25028 | Lair:5   | Identified a scroll of acquirement
 26033 | Lair:6   | Found a staircase to the Slime Pits.
 26721 | Swamp:1  | Entered Level 1 of the Swamp
 26900 | Swamp:1  | Noticed Asterion
 26922 | Swamp:1  | Noticed a spectral weapon
 26935 | Swamp:1  | Killed a spectral weapon
 26941 | Swamp:1  | Noticed a spectral weapon
 26945 | Swamp:1  | Killed Asterion
 27204 | Swamp:1  | Noticed Rupert
 27235 | Swamp:1  | Killed Rupert
 27862 | Swamp:1  | Noticed Sonja
 28301 | Swamp:1  | Reached XP level 15. HP: 94/97 MP: 25/25
 28746 | Swamp:2  | Received a gift from Okawaru
 28806 | Swamp:2  | HP: 5/145 [raven (3)]
 28811 | Swamp:2  | HP: 5/145 [raven (1)]
 29297 | Swamp:1  | Killed Sonja
 29586 | D:5      | Bought a potion of curing for 42 gold pieces
 29586 | D:5      | Bought a potion of curing for 42 gold pieces
 29586 | D:5      | Bought 2 potions of curing for 84 gold pieces
 29769 | Orc:4    | Bought a scroll of enchant armour for 97 gold pieces
 29771 | Orc:4    | Bought a scroll of identify for 24 gold pieces
 29771 | Orc:4    | Bought a scroll of remove curse for 36 gold pieces
 29771 | Orc:4    | Bought a scroll of teleportation for 36 gold pieces
 29771 | Orc:4    | Bought a scroll of remove curse for 36 gold pieces
 29771 | Orc:4    | Bought a scroll of identify for 24 gold pieces
 29771 | Orc:4    | Bought a scroll of remove curse for 36 gold pieces
 29771 | Orc:4    | Bought a scroll of remove curse for 36 gold pieces
 29771 | Orc:4    | Bought a scroll of identify for 24 gold pieces
 29771 | Orc:4    | Bought 2 scrolls of enchant weapon for 180 gold pieces
 29771 | Orc:4    | Bought a scroll of teleportation for 36 gold pieces
 29975 | Spider:1 | Entered Level 1 of the Spider Nest
 30315 | Spider:1 | Reached skill level 16 in Polearms
 30600 | Spider:2 | Noticed Arachne
 30677 | Spider:2 | Noticed Frances
 30719 | Spider:2 | Killed Frances
 30929 | Spider:2 | Received a gift from Okawaru
 30981 | Spider:2 | Killed Arachne
 31536 | Spider:2 | Reached skill level 17 in Polearms
 32702 | Spider:3 | Noticed Mara
 33066 | Spider:3 | Noticed jacksonaction's illusion
 33084 | Spider:3 | Killed Mara
 33084 | Spider:3 | Received a gift from Okawaru
 33084 | Spider:3 | Reached XP level 16. HP: 72/108 MP: 19/27
 33087 | Spider:3 | Got a twisted shield {god gift}
 33100 | Spider:3 | Identified the +4 shield of Sloth {rElec rPois rN+ Dex-4} (Okawaru gifted it to you on level 3 of the Spider Nest)
 35563 | Spider:5 | Entered Level 5 of the Spider Nest
 35654 | Spider:5 | Noticed Roxanne
 35800 | Spider:5 | Reached skill level 15 in Dodging
 35904 | Spider:5 | Received a gift from Okawaru
 35905 | Spider:5 | Got a twisted shield {god gift}
 35958 | Spider:5 | Identified the +1 shield of the Cuttlefish {rC+ rN+ Int+4} (Okawaru gifted it to you on level 5 of the Spider Nest)
 36089 | Spider:5 | Reached skill level 10 in Fighting
 36798 | Spider:5 | Got a gossamer rune of Zot
 36988 | Spider:5 | Reached XP level 17. HP: 77/117 MP: 11/28
 37141 | Spider:5 | Killed Roxanne
 37149 | Spider:5 | Identified Roxanne's Guide on Transmutation (You took it off Roxanne on level 5 of the Spider Nest)
 37687 | Spider:5 | Received a gift from Okawaru
 38258 | Swamp:2  | Noticed Louise
 38513 | Swamp:2  | Killed Louise
 38513 | Swamp:2  | Reached skill level 18 in Polearms
 38855 | Swamp:2  | Found a white marble altar of Elyvilon.
 39714 | Swamp:3  | Received a gift from Okawaru
 40502 | Swamp:4  | Reached skill level 15 in Shields
 40521 | Swamp:4  | Reached skill level 1 in Evocations
 40546 | Swamp:4  | Received a gift from Okawaru
 40918 | Swamp:4  | Noticed Aizul
 40980 | Swamp:4  | Killed Aizul
 41566 | Swamp:5  | Entered Level 5 of the Swamp
 41812 | Swamp:5  | Noticed Jorgrun
 41825 | Swamp:5  | Received a gift from Okawaru
 41828 | Swamp:5  | Got a faintly glowing long sword
 41829 | Swamp:5  | Identified the cursed -1 long sword "Beastbane" {flame, rPois rC+ MR+} (You found it on level 5 of the Swamp)
 41877 | Swamp:5  | Killed Jorgrun
 42010 | Swamp:5  | Noticed Agnes
 42042 | Swamp:5  | Killed Agnes
 42108 | Swamp:5  | Reached XP level 18. HP: 56/127 MP: 29/29
 42639 | Swamp:5  | Noticed the 27-headed Lernaean hydra
 42677 | Swamp:5  | Killed the 27-headed Lernaean hydra
 42913 | Swamp:5  | Received a gift from Okawaru
 43013 | Swamp:5  | Got a decaying rune of Zot
 43514 | D:10     | Entered Level 10 of the Dungeon
 44346 | D:11     | Noticed Gastronok
 44366 | D:11     | Killed Gastronok
 45240 | D:12     | Found Skas' Food Shoppe.
 45257 | D:12     | Bought a meat ration for 50 gold pieces
 45257 | D:12     | Bought a meat ration for 50 gold pieces
 45257 | D:12     | Bought a bread ration for 50 gold pieces
 46038 | D:13     | Noticed Fannar
 46050 | D:13     | Killed Fannar
 46565 | D:14     | Noticed Shade's ghost (powerful DsWz)
 46610 | D:14     | Killed Shade's ghost
 46610 | D:14     | Received a gift from Okawaru
 47090 | D:14     | Found a gate to the Vaults.
 47422 | D:15     | Entered Level 15 of the Dungeon
 47487 | D:15     | Found an opulent altar of Gozag.
 47655 | D:15     | Found a staircase to the Depths.
 48335 | D:15     | Reached XP level 19. HP: 134/134 MP: 30/30
 48540 | Depths:1 | Entered Level 1 of the Depths
 49224 | Depths:1 | Found a one-way gate to the infinite horrors of the Abyss.
 49305 | Depths:1 | Found a deep blue altar of Sif Muna.
 49378 | Depths:1 | Found a gateway to a ziggurat.
 49456 | Depths:1 | Reached skill level 19 in Polearms
 49535 | Depths:1 | Received a gift from Okawaru
 49645 | Depths:1 | Found a gateway to Hell.
 49693 | Depths:1 | Received a gift from Okawaru
 50038 | Depths:1 | Received a gift from Okawaru
 50039 | Depths:1 | Got a transparent shield {god gift}
 50207 | Depths:1 | Identified the +4 shield of Music {MP+9 Str+3} (Okawaru gifted it to you on level 1 of the Depths)
 50560 | Depths:2 | Reached skill level 20 in Polearms
 50684 | Depths:2 | Noticed Nikola
 50721 | Depths:2 | Killed Nikola
 51196 | Depths:2 | Found a corrupted altar of Lugonu.
 51556 | Depths:2 | Noticed Sojobo
 51558 | Depths:2 | Reached XP level 20. HP: 71/140 MP: 31/31
 51579 | Depths:2 | Killed Sojobo
 52176 | Depths:2 | Received a gift from Okawaru
 52177 | Depths:2 | Got a brightly glowing shield {god gift}
 52188 | Depths:2 | Identified the +1 shield of Free Will {Str+2} (Okawaru gifted it to you on level 2 of the Depths)
 52997 | Depths:3 | Noticed Xtahua
 53025 | Depths:3 | Killed Xtahua
 53366 | Depths:3 | Noticed a golden dragon
 53449 | Depths:3 | Killed a golden dragon
 53523 | Depths:3 | Received a gift from Okawaru
 53812 | Depths:3 | Received a gift from Okawaru
 54457 | Depths:3 | Noticed Margery
 54495 | Depths:3 | Killed Margery
 54495 | Depths:3 | Reached XP level 21. HP: 119/145 MP: 32/32
 54909 | Depths:4 | Noticed Jory
 54930 | Depths:4 | Killed Jory
 56210 | Depths:4 | Received a gift from Okawaru
 56466 | Depths:4 | Paralysed by a giant eyeball for 4 turns
 56774 | Depths:4 | Paralysed by a giant eyeball for 3 turns
 56781 | Depths:4 | Paralysed by a giant eyeball for 3 turns
 57344 | Depths:4 | Paralysed by a giant eyeball for 2 turns
 57768 | Depths:4 | Reached XP level 22. HP: 125/153 MP: 32/32
 58176 | Depths:5 | Entered Level 5 of the Depths
 59255 | Depths:5 | Reached skill level 21 in Shields
 59597 | Depths:5 | Received a gift from Okawaru
 59978 | Depths:5 | Found a gate to the Realm of Zot.
 60735 | Elf:1    | Entered Level 1 of the Elven Halls
 60796 | Elf:1    | Received a gift from Okawaru
 60984 | Elf:1    | Found a portal to a secret trove of treasure.
 61103 | Elf:1    | Noticed Josephine
 61151 | Elf:1    | Killed Josephine
 61401 | Elf:1    | Reached skill level 22 in Shields
 61488 | Elf:1    | Identified the Handbook of the Entourage
 62109 | Elf:2    | Reached XP level 23. HP: 141/159 MP: 27/33
 62349 | Elf:2    | Found a huge runed gate.
 62349 | Elf:2    | Found a huge runed gate.
 62349 | Elf:2    | Found a huge runed gate.
 62350 | Elf:2    | Found a huge runed gate.
 62352 | Elf:2    | Found a huge runed gate.
 62931 | Elf:3    | Entered Level 3 of the Elven Halls
 63482 | Elf:3    | Found Trysta's Assorted Antiques.
 63522 | Elf:3    | Bought a scroll of acquirement for 1560 gold pieces
 63522 | Elf:3    | Bought a potion of might for 120 gold pieces
 63630 | Elf:3    | Noticed Kirke
 63638 | Elf:3    | Killed Kirke
 64038 | Elf:3    | Received a gift from Okawaru
 64325 | Elf:3    | Got a scintillating garnet amulet
 64327 | Elf:3    | Identified the amulet of Ru's Esteem {Clar rN+} (You took it off a deep elf death mage on level 3 of the Elven Halls)
 64496 | Elf:3    | Got a faintly glowing platinum ring
 64578 | Elf:3    | Identified the Grimoire of Moulding and the Escort (You found it on level 3 of the Elven Halls)
 64622 | Elf:3    | Identified the ring "Crewere" {Contam rF+ rC+ Int+3 Dex+4} (You took it off a deep elf annihilator on level 3 of the Elven Halls)
 64780 | Orc:4    | Learned a level 6 spell: Haste
 65136 | Vaults:1 | Entered Level 1 of the Vaults
 65187 | Vaults:1 | Reached skill level 1 in Charms
 65666 | Vaults:1 | Reached skill level 5 in Charms
 65732 | Vaults:1 | Received a gift from Okawaru
 66121 | Vaults:1 | Found a glowing silver altar of Zin.
 66621 | Vaults:1 | Reached XP level 24. HP: 165/165 MP: 33/33
 67061 | Vaults:2 | Found Giatzuac's Assorted Antiques.
 67388 | Vaults:2 | Received a gift from Okawaru
 67389 | Vaults:2 | Got a translucent hat {god gift}
 67433 | Vaults:2 | Identified the +2 hat of Mezcal {rElec rPois rF- Int+4} (Okawaru gifted it to you on level 2 of the Vaults)
 67680 | Vaults:2 | Reached skill level 10 in Charms
 68437 | Vaults:3 | Found Theil's Distillery.
 68446 | Vaults:3 | Bought a potion of curing for 54 gold pieces
 68446 | Vaults:3 | Bought a potion of curing for 54 gold pieces
 68446 | Vaults:3 | Bought a potion of restore abilities for 90 gold pieces
 68446 | Vaults:3 | Bought a potion of invisibility for 144 gold pieces
 68446 | Vaults:3 | Bought a potion of curing for 54 gold pieces
 68620 | Vaults:3 | Found a staircase to the Crypt.
 70125 | Vaults:4 | Received a gift from Okawaru
 70479 | Vaults:4 | Found Lagea's Food Shop.
 70531 | Vaults:4 | Bought a meat ration for 70 gold pieces
 70531 | Vaults:4 | Bought a meat ration for 70 gold pieces
 70531 | Vaults:4 | Bought a meat ration for 70 gold pieces
 70531 | Vaults:4 | Bought a bread ration for 70 gold pieces
 70531 | Vaults:4 | Bought a meat ration for 70 gold pieces
 70531 | Vaults:4 | Bought a bread ration for 70 gold pieces
 70531 | Vaults:4 | Bought a bread ration for 70 gold pieces
 70531 | Vaults:4 | Bought a meat ration for 70 gold pieces
 70531 | Vaults:4 | Bought a meat ration for 70 gold pieces
 70531 | Vaults:4 | Bought a meat ration for 70 gold pieces
 70785 | Vaults:3 | Reached XP level 25. HP: 118/170 MP: 34/34
 71276 | Vaults:5 | Entered Level 5 of the Vaults
 71854 | Vaults:5 | Noticed an ancient lich
 71976 | Vaults:5 | Reached skill level 15 in Fighting
 72153 | Vaults:5 | Received a gift from Okawaru
 72264 | Vaults:5 | Killed an ancient lich
 72835 | Vaults:5 | Received a gift from Okawaru
 72836 | Vaults:5 | Got a scorched shield {god gift}
 72847 | Vaults:5 | Identified the +0 shield of Midnight {Int+3 Dex-4} (Okawaru gifted it to you on level 5 of the Vaults)
 73015 | Vaults:5 | Identified Sif Muna's Collected Works on the Compass and Aid
 73026 | Vaults:5 | Noticed an ancient lich
 73089 | Vaults:5 | Killed an ancient lich
 73096 | Vaults:5 | Reached XP level 26. HP: 67/185 MP: 34/34
 73118 | Vaults:5 | Got a scintillating jade ring
 73125 | Vaults:5 | Identified the ring "Clixeg" {rElec MP+9 Stlth+} (You took it off a vault guard on level 5 of the Vaults)
 74009 | Vaults:5 | Got a silver rune of Zot
 74400 | Crypt:1  | Entered Level 1 of the Crypt
 74816 | Crypt:1  | Received a gift from Okawaru
 75771 | Crypt:2  | Reached skill level 15 in Charms
 76072 | Crypt:2  | Received a gift from Okawaru
 76386 | Crypt:3  | Entered Level 3 of the Crypt
 76560 | Crypt:3  | Found an ancient bone altar of Kikubaaqudgha.
 76560 | Crypt:3  | Noticed an ancient lich
 76578 | Crypt:3  | Killed an ancient lich
 76578 | Crypt:3  | Received a gift from Okawaru
 76633 | Crypt:3  | Got a brightly glowing iron amulet
 76635 | Crypt:3  | Identified the amulet "Duwow" {Clar +Blink rC+ MR- MP+9 Slay+5} (You found it on level 3 of the Crypt)
 76637 | Crypt:3  | Identified Donoittu's Catalogue of Stolen Souls
 76651 | Crypt:3  | Identified a +4 rod of destruction (13/13) (You found it on level 3 of the Crypt)
 76725 | Crypt:3  | Reached skill level 5 in Evocations
 76754 | Crypt:3  | Identified Khufu's Collected Works on Evil Arts
 77133 | Crypt:3  | Noticed Khufu
 77133 | Crypt:3  | Noticed a greater mummy
 77165 | Crypt:3  | Killed Khufu
 77165 | Crypt:3  | Reached XP level 27. HP: 84/194 MP: 35/35
 77179 | Crypt:3  | Killed a greater mummy
 77549 | Crypt:3  | Reached skill level 10 in Evocations
 77566 | Crypt:3  | Reached skill level 1 in Stealth
 77572 | Crypt:3  | Found a staircase to the Tomb.
 77682 | Crypt:3  | Reached skill level 1 in Spellcasting
 77690 | Crypt:3  | Received a gift from Okawaru
 78051 | Crypt:3  | Received a gift from Okawaru
 78052 | Crypt:3  | Got a distressingly furry shield {god gift}
 78063 | Crypt:3  | Identified the +2 shield "Cheud" {rC++ MR+} (Okawaru gifted it to you on level 3 of the Crypt)
 78441 | Crypt:2  | Reached skill level 10 in Invocations
 79216 | Elf:3    | Learned a level 3 spell: Ozocubu's Armour
 79625 | Lair:6   | Learned a level 3 spell: Regeneration
 80289 | Slime:1  | Entered Level 1 of the Pits of Slime
 80294 | Slime:1  | Reached skill level 1 in Ice Magic
 80484 | Slime:2  | Gained mutation: Your flesh is cold resistant. [a shining eye]
 80605 | Slime:3  | Reached skill level 1 in Necromancy
 80610 | Slime:3  | Gained mutation: You expend magic power (3 MP) to slightly strengthen your wands. [a shining eye]
 81107 | Slime:5  | Reached skill level 5 in Necromancy
 81548 | Slime:6  | Entered Level 6 of the Pits of Slime
 81621 | Slime:6  | Reached skill level 5 in Spellcasting
 81689 | Slime:6  | Found a viscous altar of Jiyva.
 81693 | Slime:6  | Noticed the royal jelly
 81814 | Slime:6  | Killed the royal jelly
 81818 | Slime:6  | HP: 7/194 [acid[the royal jelly] (17)]
 81827 | Slime:6  | HP: 7/291 [acid[the royal jelly] (18)]
 81828 | Slime:6  | Splashed by an acid blob's acid

Action                   |  1- 3 |  4- 6 |  7- 9 | 10-12 | 13-15 | 16-18 | 19-21 | 22-24 | 25-27 || total
-------------------------+-------+-------+-------+-------+-------+-------+-------+-------+-------++-------
Melee: Trident           |    75 |   133 |   300 |   731 |       |       |       |       |       ||  1239
       Demon trident     |       |       |       |   181 |  1328 |   744 |       |       |       ||  2253
       Lance             |       |       |       |       |   257 |  1263 |  1916 |  2162 |  2222 ||  7820
 Fire: Blowgun           |       |    15 |    47 |    15 |       |       |       |       |       ||    77
Throw: Stone             |    29 |    99 |    78 |     2 |       |       |       |       |       ||   208
       Throwing net      |     5 |     3 |       |     1 |       |       |       |       |       ||     9
       Tomahawk          |       |       |       |   126 |   203 |   206 |    10 |    21 |     5 ||   571
       Javelin           |       |       |       |       |    18 |   193 |   206 |   179 |    19 ||   615
 Cast: Regeneration      |       |       |       |       |       |       |       |       |    11 ||    11
       Ozocubu's Armour  |       |       |       |       |       |       |       |       |     4 ||     4
       Haste             |       |       |       |       |       |       |       |       |     2 ||     2
Invok: Heroism           |       |       |     7 |    17 |    22 |    21 |    12 |     8 |     3 ||    90
       Finesse           |       |       |       |     7 |    16 |    12 |    10 |     8 |       ||    53
 Abil: Evoke Blink       |       |       |       |       |       |       |       |       |     1 ||     1
  Use: Potion            |       |       |     2 |     1 |    11 |     9 |     1 |     3 |     7 ||    34
       Scroll            |       |       |    11 |     5 |    22 |     7 |     8 |    10 |     7 ||    70
 Stab: Sleeping          |     5 |     7 |     7 |    12 |    12 |    33 |     8 |    28 |    28 ||   140
       Held in net/web   |       |     2 |       |       |       |       |       |       |       ||     2
       Distracted        |       |     1 |     1 |     1 |     4 |     4 |     2 |     7 |    15 ||    35
       Invisible         |       |       |       |       |       |     3 |       |     1 |       ||     4
       Petrified         |       |       |       |       |       |       |     4 |       |       ||     4
       Fleeing           |       |       |       |       |       |       |       |     1 |       ||     1
  Eat: Chunk             |     2 |    10 |    16 |    25 |    43 |    44 |    26 |    40 |    18 ||   224
       Pizza             |       |       |     1 |     2 |     1 |     2 |     1 |       |       ||     7
       Royal jelly       |       |       |       |     1 |       |       |     1 |     1 |     2 ||     5
       Meat ration       |       |       |       |       |     1 |       |       |       |       ||     1
       Beef jerky        |       |       |       |       |       |     4 |     2 |     2 |    12 ||    20
